 Dungeon Crawl Stone Soup version 0.25.1-2-g60ff931df9 (webtiles) character file.

Game seed: 10628690882705745925

13764 snilloc10 the Carver (level 11, -4/104 HPs)
             Began as a Minotaur Gladiator on Dec 10, 2020.
             Was a Believer of Nemelex Xobeh.
             Slain by a nine-headed hydra (11 damage)
             ... on level 2 of the Lair of Beasts.
             The game lasted 00:41:03 (11307 turns).

snilloc10 the Carver (Minotaur Gladiator)          Turns: 11307, Time: 00:41:07

Health: -4/104     AC: 10    Str: 28    XL:     11   Next: 79%
Magic:  10/10      EV: 17    Int:  7    God:    Nemelex Xobeh [**....]
Gold:   435        SH:  0    Dex: 12    Spells: 10/10 levels left

rFire    . . .     SeeInvis .   D - +10 falchion of Ravage {holy, Int+2}
rCold    . . .     Gourm    .   (no shield)
rNeg     . . .     Faith    .   q - +0 ring mail
rPois    .         Spirit   .   c - +0 hat
rElec    .         Reflect  .   t - +0 cloak
rCorr    .         Harm     .   x - +0 pair of gloves
MR       .....                  j - +0 pair of boots
Stlth    +.........             (no amulet)
HPRegen  0.27/turn              G - +4 ring of slaying
MPRegen  0.12/turn              g - +6 ring of strength

@: no status effects
A: retaliatory headbutt, horns 2
a: Draw Escape, Draw Destruction, Draw Summoning, Renounce Religion


You were on level 2 of the Lair of Beasts.
You worshipped Nemelex Xobeh.
Nemelex Xobeh was pleased with you.
You were not hungry.

You visited 3 branches of the dungeon, and saw 11 of its levels.

You collected 435 gold pieces.

Inventory:

Hand Weapons
 a - a +0 trident
 i - a +2 short sword of venom
 o - a +2 hunting sling of flaming
 B - a +4 trident of venom
 D - the +10 falchion of Ravage (weapon) {holy, Int+2}
   (You found it on level 4 of the Dungeon)

   It has been blessed by the Shining One to cause great damage to the undead
   and demons.
   It affects your intelligence (+2).
Missiles
 p - 359 stones (quivered)
 y - 59 sling bullets
Armour
 c - a +0 hat (worn)
 j - a +0 pair of boots (worn)
 q - a +0 ring mail (worn)
 t - a +0 cloak (worn)
 x - a +0 pair of gloves (worn)
 P - a +0 buckler
Jewellery
 e - a +6 ring of intelligence
 g - a +6 ring of strength (right hand)
 s - an uncursed ring of protection from cold
 C - a cursed amulet of inaccuracy
 G - a +4 ring of slaying (left hand)
Wands
 d - a wand of flame (31)
 m - a wand of paralysis (8)
 E - a wand of random effects (38)
 I - a wand of disintegration (5)
 L - a wand of digging (6)
 O - a wand of acid (5)
Scrolls
 h - a scroll of immolation {unknown}
 r - 4 scrolls of teleportation
 v - a scroll of magic mapping {unknown}
 w - 3 scrolls of fear
 F - 2 scrolls of fog {unknown}
 K - 5 scrolls of remove curse
 M - a scroll of amnesia {unknown}
Potions
 k - 3 potions of brilliance
 l - a potion of resistance {unknown}
 n - a potion of stabbing {unknown}
 z - a potion of ambrosia {unknown}
 J - 3 potions of lignification
 N - 2 potions of flight
Comestibles
 f - 17 rations


   Skills:
 + Level 12.2 Fighting
 - Level 12.4 Long Blades
 - Level 4.3 Polearms
 - Level 5.8(6.0) Slings
 - Level 2.1(4.0) Throwing
 * Level 7.1 Armour
 + Level 10.3 Dodging


You had 10 spell levels left.
You didn't know any spells.
Your spell library contained the following spells:

 Spells                   Type           Power        Failure   Level  Hunger
 Sting                    Tmut/Pois      #...         54%         1    ##.....
 Poisonous Vapours        Pois/Air       #.....       69%         2    ###....
 Ignite Poison            Fire/Tmut/Pois #.......     89%         3    ####...
 Mephitic Cloud           Conj/Pois/Air  #.......     89%         3    ####...
 Olgreb's Toxic Radiance  Pois           #.......     100%        4    #####..


Dungeon Overview and Level Annotations

Branches:
Dungeon (8/15)             Temple (1/1) D:5            Lair (2/6) D:8
  Swamp: Lair:2-4    Shoals: Lair:2-4     Snake: Lair:2-4    Spider: Lair:2-4

Altars:
Ashenzari
Cheibriados
Elyvilon
Fedhas
Gozag
Hepliaklqana
Kikubaaqudgha
Makhleb
Nemelex Xobeh
Qazlal
Ru
Sif Muna
Trog
Uskayaw
Vehumet
Wu Jian
Xom
Yredelemnul
Zin
The Shining One


Innate Abilities, Weirdness & Mutations

You reflexively headbutt those who attack you in melee.
You have a pair of horns on your head.


Message History

The nine-headed hydra completely misses you.
The nine-headed hydra bites you!
The nine-headed hydra bites you but does no damage.
The nine-headed hydra bites you. x3; The nine-headed hydra bites you!
* * * LOW HITPOINT WARNING * * *
The nine-headed hydra bites you!
* * * LOW HITPOINT WARNING * * *
You feel much better.
The nine-headed hydra barely misses you.
You furiously retaliate!
You headbutt the nine-headed hydra. The nine-headed hydra bites you.
The nine-headed hydra bites you!
* * * LOW HITPOINT WARNING * * *
The nine-headed hydra bites you!
* * * LOW HITPOINT WARNING * * *
The nine-headed hydra barely misses you.
The nine-headed hydra bites you!
* * * LOW HITPOINT WARNING * * *
The nine-headed hydra bites you!
You die...
Your body disappears without a glow.

..........####...##..P##........#
...).#P..###....##P............##
..#####P.#....#.##..#PP.....##.#
..#.# #..##.P##..##....#....####
...####...####....#..P...####
#...##.#...# ##...##..#[.###
#..........#[ ##..##.....#.###
##P.......##/.##..##.........####
#..........#..lD@..#...........#.
#+......#..###(##$##............#
8.###.......#######.............#
.. ##.....#)....................
.. ##....Pt..P#................
... #...##.....##..............
... #......#.P###..............
... ......#.....##......†.......
#....##.......P.............#


You could see a nine-headed hydra and a komodo dragon.

Vanquished Creatures
  Gastronok (Lair:1)
  A hydra (Lair:2)
  Nergalle (Lair:1)
  A black mamba (Lair:2)
  Psyche (D:8)
  A rime drake (Lair:1)
  A komodo dragon (Lair:2)
  11 blink frogs (Lair:1)
  2 hippogriffs (Lair:1)
  Sigmund (D:4)
  3 wyverns
  A basilisk (Lair:1)
  15 yaks (Lair:1)
  Duvessa (D:4)
  8 porcupines
  3 water moccasins
  3 orc warriors
  A black bear (Lair:1)
  An ogre (D:5)
  8 crocodiles
  Blork the orc (D:4)
  2 bullfrogs
  Dowan (D:4)
  A water moccasin zombie (D:8)
  A scorpion (D:4)
  A water moccasin skeleton (D:7)
  13 killer bees (D:7)
  4 howler monkeys
  A crimson imp (D:8)
  A bullfrog zombie (D:6)
  3 hounds
  A centaur zombie (D:6)
  A jelly (D:8)
  4 orc wizards
  3 orc priests
  2 gnoll shamans
  5 iguanas
  Natasha (thrice) (D:4)
  3 worker ants
  A worker ant zombie (D:8)
  Robin (D:3)
  11 gnolls
  11 adders
  A shadow imp (D:6)
  2 adder skeletons
  A worm (D:4)
  3 leopard geckos
  24 orcs
  2 ball pythons
  7 giant cockroaches
  18 goblins
  9 hobgoblins
  8 jackals
  3 quokkas
  5 bats
  4 frilled lizards
  5 kobolds
  2 leopard gecko skeletons (D:5)
  5 rats
  A fungus (D:8)
240 creatures vanquished.

Vanquished Creatures (others)
  3 fungi
  2 plants (Lair:2)
5 creatures vanquished.

Grand Total: 245 creatures vanquished

Notes
Turn   | Place    | Note
-------+----------+-------------------------------------------
     0 | D:1      | snilloc10 the Minotaur Gladiator began the quest for the
                  | Orb.
     0 | D:1      | Reached XP level 1. HP: 18/18 MP: 0/0
   161 | D:1      | Reached XP level 2. HP: 25/25 MP: 1/1
   977 | D:2      | Reached skill level 1 in Armour
   977 | D:2      | Reached XP level 3. HP: 30/30 MP: 2/2
  1495 | D:3      | Found a white marble altar of Elyvilon.
  1504 | D:3      | Reached skill level 1 in Slings
  1504 | D:3      | Reached XP level 4. HP: 26/38 MP: 3/3
  1871 | D:3      | Found an ornate altar of the Wu Jian Council.
  1991 | D:3      | Noticed Robin
  2015 | D:3      | Killed Robin
  2015 | D:3      | Reached XP level 5. HP: 31/46 MP: 4/4
  2173 | D:3      | Found an opulent altar of Gozag.
  2659 | D:4      | Reached skill level 5 in Fighting
  2659 | D:4      | Reached XP level 6. HP: 51/56 MP: 5/5
  2931 | D:4      | Noticed Duvessa
  2931 | D:4      | Noticed Sigmund
  2931 | D:4      | Noticed Dowan
  2936 | D:4      | Noticed Blork the orc
  2938 | D:4      | Noticed Natasha
  2947 | D:4      | Killed Duvessa
  2947 | D:4      | Reached skill level 5 in Slings
  2947 | D:4      | Reached XP level 7. HP: 54/64 MP: 6/6
  2961 | D:4      | Found a shattered altar of Ashenzari.
  3144 | D:4      | Killed Sigmund
  3149 | D:4      | Killed Natasha
  3513 | D:4      | Got a smoking falchion
  3662 | D:4      | Identified the +10 falchion of Ravage {holy, Int+2} (You
                  | found it on level 4 of the Dungeon)
  3794 | D:4      | Killed Dowan
  3794 | D:4      | Reached skill level 1 in Long Blades
  3933 | D:4      | Noticed Natasha
  3936 | D:4      | Killed Natasha
  4005 | D:4      | Noticed Natasha
  4013 | D:4      | Killed Natasha
  4022 | D:4      | Killed Blork the orc
  4247 | D:5      | Entered Level 5 of the Dungeon
  4316 | D:5      | Reached XP level 8. HP: 73/73 MP: 7/7
  4381 | D:5      | Found a staircase to the Ecumenical Temple.
  4552 | D:5      | Found a shimmering altar of Xom.
  4723 | D:5      | Reached skill level 5 in Long Blades
  5208 | D:5      | Found a sparkling altar of Nemelex Xobeh.
  5218 | D:5      | Became a worshipper of Nemelex Xobeh the Trickster
  5231 | D:5      | Received a gift from Nemelex Xobeh
  5317 | Temple   | Entered the Ecumenical Temple
  5755 | D:6      | Reached * piety under Nemelex Xobeh
  5881 | D:6      | Found a hide-covered altar of Uskayaw.
  6115 | D:7      | Found a glowing silver altar of Zin.
  6614 | D:7      | Reached XP level 9. HP: 79/79 MP: 8/8
  7179 | D:7      | Received a gift from Nemelex Xobeh
  7318 | D:8      | Found a basalt altar of Yredelemnul.
  7322 | D:8      | Reached skill level 5 in Dodging
  7349 | D:8      | Noticed Psyche
  7359 | D:8      | Killed Psyche
  7359 | D:8      | Reached skill level 10 in Long Blades
  7812 | D:8      | Found a staircase to the Lair.
  7822 | Lair:1   | Entered Level 1 of the Lair of Beasts
  7865 | Lair:1   | Noticed Nergalle
  7885 | Lair:1   | Reached XP level 10. HP: 70/91 MP: 9/9
  7901 | Lair:1   | Killed Nergalle
  7906 | Lair:1   | Reached skill level 10 in Fighting
  8256 | Lair:1   | Reached ** piety under Nemelex Xobeh
  8708 | Lair:1   | Noticed Gastronok
  8721 | Lair:1   | Killed Gastronok
  8721 | Lair:1   | Reached XP level 11. HP: 64/102 MP: 10/10
  9145 | Lair:1   | Reached skill level 5 in Armour
  9707 | Lair:2   | Reached skill level 10 in Dodging
 10030 | Lair:2   | Noticed a five-headed hydra
 10953 | Lair:2   | Killed a 12-headed hydra
 11292 | Lair:2   | Noticed a four-headed hydra
 11307 | Lair:2   | Slain by a nine-headed hydra

Illustrated notes

Levels and vault maps discovered:
D:1:      minmay_arrival_four_loops, layout_basic
D:2:      layout_basic
D:3:      layout_basic, nicolae_overflow_crystal_walls, elyvilon_altar_5,
          minmay_misc_feat_room, kennysheep_another_room,
          nicolae_gozag_seed_capital, uniq_robin
D:4:      layout_cave_pods, kennysheep_little_box, uniq_natasha,
          uniq_blork_the_orc, uniq_sigmund, uniq_duvessa
D:5:      layout_loops_corners, nemelex_xobeh_ov_fountains_minmay,
          lemuel_crystal_altar, minmay_temple_entry_wispy, first_ration,
          kennysheep_nondescript
D:6:      layout_rooms, kennysheep_mini
D:7:      layout_loops_ring, lemuel_round_altar, eino_jars
D:8:      layout_loops_cross, yredelemnul_altar_generic,
          grunt_lair_entry_orc_guard_hut, uniq_psyche
Temple:   nicolae_temple_hex_pool
Lair:1:   layout_roguey, hangedman_lair_generics_rect, uniq_nergalle,
          uniq_gastronok
Lair:2:   beast_lair_carwin_large_2, layout_cave_pods,
          chequers_serial_rivers_micro_d, grunt_megastairs_5,
          serial_bayou_shore_a, lemuel_fruit_fields

Skill      XL: |  1  2  3  4  5  6  7  8  9 10 11 |
---------------+----------------------------------+-----
Polearms       | 4 |  4.3
Armour         | 1 7 |  7.1
Fighting       | 3 4 5 6 7 9 11 12 | 12.2
Slings         | 1 2 3 5 |  5.8
Long Blades    | 4 9 10 12 | 12.4
Dodging        | 4 6 9 10 | 10.3
Throwing       | |  2.1

Action                   |  1- 3 |  4- 6 |  7- 9 | 10-12 || total
-------------------------+-------+-------+-------+-------++-------
Melee: Trident           |    47 |   134 |    24 |       ||   205
       Headbutt          |     3 |    10 |    43 |    61 ||   117
       Hunting sling     |     2 |       |       |       ||     2
       Falchion          |       |       |   183 |   172 ||   355
 Fire: Hunting sling     |    26 |    11 |       |       ||    37
Throw: Throwing net      |     2 |     2 |     1 |       ||     5
       Stone             |       |     1 |     3 |     3 ||     7
Evoke: Wand              |       |       |     2 |     5 ||     7
  Use: Scroll            |       |       |    10 |     9 ||    19
       Potion            |       |       |     1 |     4 ||     5
  Eat: Chunk             |     2 |     4 |     6 |     3 ||    15
       Ration            |       |       |     3 |     3 ||     6
Armor: Leather armour    |    11 |    35 |    34 |     7 ||    87
       Ring mail         |       |       |       |    28 ||    28
Dodge: Dodged            |    28 |    63 |   128 |   141 ||   360
       Rpst.: Falchion   |       |       |    31 |    30 ||    61
